Map: Oxide LE

Players

Bistork

  • Race: Protoss Protoss

黑羽快斗 (ButAlways) - Winner!

  • Race: Protoss Protoss
  • League: Master

Event: DreamHack SC2 Masters 2021 Summer

VOD

Have the link to the VOD?

Description

Time

  • Played on: May 19, 2021, 8:38 a.m.
  • Length: 6:34

All games in this series

Show
View Real Time Build Order
Export as new Build Order

Bistork Protoss 

Build Orders: 1 Gate Expand 

Get SALT Encoding   

  12  0:00  Probe  
  13  0:12  Probe  
  14  0:17  Pylon  
  14  0:24  Probe (Chrono Boost)  
  15  0:36  Probe (Chrono Boost)  
  15  0:39  Gateway  
  16  0:44  Probe (Chrono Boost)  
  16  0:48  Assimilator  
  17  0:51  Probe  
  18  1:03  Probe  
  19  1:15  Probe  
  20  1:27  Nexus  
  20  1:37  Cybernetics Core  
  20  1:42  Probe  
  20  1:46  Assimilator  
  22  1:54  Probe  
  22  1:57  Pylon  
  22  2:07  Probe  
  23  2:13  Stalker (Chrono Boost)  
  23  2:19  Probe  
  21  2:22  Warp Gate  
  26  2:31  Probe  
  27  2:41  Stalker (Chrono Boost)  
  27  2:42  Probe  
  29  2:50  Stargate  
  29  2:51  Shield Battery  
  29  2:56  Probe  
  30  3:02  Probe, Pylon  
  31  3:11  Stalker (Chrono Boost)  
  33  3:24  Void Ray (Chrono Boost)  
  30  3:51  Probe x2  
  32  4:03  Probe (Chrono Boost)  
  32  4:07  Probe (Chrono Boost)  
  34  4:15  Probe (Chrono Boost)  
  35  4:18  Probe (Chrono Boost)  
  36  4:24  Probe (Chrono Boost)  
  36  4:27  Probe (Chrono Boost)  
  37  4:33  Twilight Council  
  37  4:36  Probe (Chrono Boost)  
  37  4:37  Probe (Chrono Boost)  
  39  4:44  Probe (Chrono Boost)  
  41  4:46  Probe (Chrono Boost)  
  41  4:49  Probe (Chrono Boost)  
  42  4:53  Probe, Stalker  
  45  5:01  Probe  
  46  5:08  Pylon  
  46  5:10  Shield Battery  
  46  5:20  Gateway  
  46  5:26  Probe x2, Assimilator  
  46  5:38  Probe (Chrono Boost)  
  48  5:42  Probe (Chrono Boost)  
  48  5:48  Robotics Facility  
  48  5:49  Probe (Chrono Boost)  
  49  5:51  Robotics Facility  
  49  5:53  Probe (Chrono Boost)  
  49  5:54  Probe (Chrono Boost)  
  51  6:02  Probe, Sentry  
  51  6:04  Pylon  
  54  6:12  Probe  
  54  6:14  Probe  
Show
View Real Time Build Order
Export as new Build Order

黑羽快斗 Protoss - Winner!

Build Orders: Oracle Opening 

Get SALT Encoding   

  12  0:00  Probe  
  13  0:12  Probe  
  14  0:16  Pylon  
  14  0:24  Probe (Chrono Boost)  
  15  0:36  Probe (Chrono Boost)  
  15  0:38  Gateway  
  16  0:44  Probe (Chrono Boost)  
  16  0:46  Assimilator  
  17  0:50  Probe  
  17  0:55  Assimilator  
  18  1:03  Probe (Chrono Boost)  
  19  1:12  Probe (Chrono Boost), Gateway  
  19  1:17  Probe (Chrono Boost)  
  20  1:28  Cybernetics Core  
  20  1:29  Probe  
  21  1:41  Probe  
  21  1:44  Pylon  
  22  1:53  Probe  
  23  2:04  Stargate  
  23  2:06  Stalker  
  25  2:15  Stalker  
  27  2:18  Warp Gate  
  27  2:25  Pylon  
  27  2:44  Oracle (Chrono Boost)  
  29  3:04  Probe, Stalker  
  29  3:05  Stalker  
  34  3:14  Pylon  
  34  3:16  Probe  
  35  3:28  Probe  
  35  3:30  Oracle (Chrono Boost)  
  39  3:40  Probe  
  39  3:52  Probe  
  39  3:53  Twilight Council  
  40  4:04  Probe  
  41  4:16  Probe, Nexus  
  42  4:23  Pylon  
  42  4:29  Probe (Chrono Boost)  
  43  4:31  Dark Shrine  
  43  4:41  Probe (Chrono Boost)  
  44  4:49  Probe (Chrono Boost)  
  45  4:55  Probe  
  44  5:06  Pylon  
  44  5:07  Probe  
  45  5:19  Probe, Robotics Facility  
  46  5:27  Shield Battery  
  46  5:33  Probe x2 (Chrono Boost)  
  48  5:43  Dark Templar, Forge  
  48  5:44  Assimilator x2  
  48  5:46  Dark Templar  
  48  5:48  Probe (Chrono Boost)  
  48  5:49  Probe (Chrono Boost)  
  54  5:57  Probe (Chrono Boost)  
  55  5:59  Probe (Chrono Boost), Pylon  
  56  6:08  Probe (Chrono Boost)  
  56  6:11  Probe (Chrono Boost)  
  58  6:13  Probe (Chrono Boost)  
  59  6:20  Probe  
Tags
 
Add a new tag
Caveats
  • Supply blocks, unpowered buildings, or Contaminate may cause inaccurate times.
  • Supply counts are checked every 10 seconds.